 Dungeon Crawl Stone Soup version 0.31.0-10-gcf4a605ca0 (webtiles) character file.

Game seed: 14340948119632410439

172438 Sobieck the Rapturous (level 18, -4/169 HPs)
             Began as a Hill Orc Monk on Jan 25, 2024.
             Was a Follower of Uskayaw.
             Constricted to death by a nagaraja (7 damage)
             ... on level 4 of the Snake Pit.
             The game lasted 01:23:33 (37936 turns).

Sobieck the Rapturous (Hill Orc Monk)              Turns: 37936, Time: 01:23:34

Health: -4/169     AC: 26    Str: 22    XL:     18   Next: 3%
Magic:  32/32      EV:  3    Int: 10    God:    Uskayaw [*.....]
Gold:   1580       SH: 17    Dex: 13    Spells: 17/17 levels left

rFire   + + .        a - +5 broad axe (drain)
rCold   + . .        W - +2 tower shield {AC+3}
rNeg    . . .        M - +0 plate armour
rPois   +            g - +2 helmet
rElec   +            I - scarf {rC+ rF+}
rCorr   .            d - +1 pair of gloves
SInv    +            u - +0 pair of boots "Vinil" {SInv}
Will    +....        L - amulet of faith Stlth
                     P - ring of Lismol {rElec rF+ Slay+3}
HPRegen 0.48/turn    o - ring of poison resistance
MPRegen 0.23/turn

%: faith
@: lethally poisoned (-4 -> -58), constricted
A: no striking features
a: Renounce Religion, Stomp


You were on level 4 of the Snake Pit.
You worshipped Uskayaw.
Uskayaw was greatly pleased with you.
You visited 4 branches of the dungeon, and saw 26 of its levels.
You also visited: Bailey, Gauntlet and Ice Cave.

You collected 2666 gold pieces.
You spent 1086 gold pieces at shops.

Inventory:

Hand Weapons
 a - a +5 broad axe of draining (weapon)
Missiles
 t - 14 boomerangs (quivered)
 v - 6 javelins
 x - 20 silver javelins
 Z - 8 throwing nets
Armour
 d - a +1 pair of gloves (worn)
 g - a +2 helmet (worn)
 m - a +0 kite shield of protection
 u - the +0 pair of boots "Vinil" (worn) {SInv}
   (You found it in a Gauntlet)

   SInv:      It lets you see invisible.
 y - the +2 cloak of Dithmenos's Grace {Will+ Int+4}
   (You found it on level 2 of the Dungeon)

   Int+4:     It affects your intelligence (+4).
   Will+:     It increases your willpower.
 I - a scarf of resistance (worn)
 M - a +0 plate armour (worn)
 W - a +2 tower shield of protection (worn)
Jewellery
 n - a ring of positive energy
 o - a ring of poison resistance (right hand)
 q - the ring of Oklor {rC+ rCorr}
   (You found it in a Gauntlet)

   [ring of protection from cold]

   rC+:       It protects you from cold.
   rCorr:     It protects you from acid and corrosion.
 B - a ring of flight
 E - the ring of the Lizard {Will+ Int+6 Dex+7}
   (You found it in an ice cave)

   [ring of intelligence]

   Int+6:     It affects your intelligence (+6).
   Dex+7:     It affects your dexterity (+7).
   Will+:     It increases your willpower.
 L - an amulet of faith (around neck)
 P - the ring of Lismol (left hand) {rElec rF+ Slay+3}
   (You found it on level 11 of the Dungeon)

   [ring of protection from fire]

   Slay+3:    It affects your accuracy & damage with ranged weapons and melee
   (+3).
   rF+:       It protects you from fire.
   rElec:     It insulates you from electricity.
 Y - the ring "Zasoll" {rN+ Will+ Str+6 Int-4 Dex+3}
   (You found it in an ice cave)

   [ring of strength]

   Str+6:     It affects your strength (+6).
   Int-4:     It affects your intelligence (-4).
   Dex+3:     It affects your dexterity (+3).
   rN+:       It protects you from negative energy.
   Will+:     It increases your willpower.
Wands
 l - a wand of mindburst (11)
 s - a wand of roots (2)
 z - a wand of light (5)
 D - a wand of digging (8)
 V - a wand of flame (78)
Scrolls
 b - 2 scrolls of blinking
 j - 2 scrolls of fear
 A - 2 scrolls of revelation
 C - a scroll of fog
 F - 3 scrolls of silence {!r}
 G - a scroll of summoning
 R - 4 scrolls of poison
 S - 6 scrolls of noise
 T - 15 scrolls of teleportation
Potions
 c - 2 potions of ambrosia
 e - a potion of attraction
 f - 5 potions of lignification
 h - 4 potions of resistance
 i - 4 potions of enlightenment
 k - 4 potions of might
 p - 7 potions of mutation
 r - a potion of cancellation
 w - a potion of brilliance
 H - a potion of heal wounds
 N - a potion of berserk rage
 Q - 14 potions of curing
Miscellaneous
 J - a lightning rod (4/4)
 K - a phantom mirror
 O - a condenser vane
 U - a phial of floods
 X - a box of beasts


   Skills:
 - Level 17.0 Fighting
 - Level 18.0 Axes
 - Level 6.0 Throwing
 - Level 12.0 Armour
 - Level 4.0 Dodging
 - Level 6.0 Stealth
 * Level 8.3 Shields
 + Level 20.7 Invocations
 - Level 12.0 Evocations


You had 17 spell levels left.
You didn't know any spells.
Your spell library contained the following spells:

 Spells                   Type           Power      Damage    Failure   Level
 Summon Small Mammal      Summ           0%         N/A       100%        1
 Call Canine Familiar     Summ           0%         N/A       100%        3
 Tukima's Dance           Hex            0%         N/A       100%        3
 Anguish                  Hex/Necr       0%         N/A       100%        4
 Cause Fear               Hex            0%         N/A       100%        4
 Dimensional Bullseye     Hex/Tloc       0%         N/A       100%        4
 Iskenderun's Mystic Bla  Conj/Tloc      0%         2d3       100%        4
 Summon Blazeheart Golem  Fire/Summ      0%         N/A       100%        4
 Vhi's Electric Charge    Tloc/Air       0%         N/A       100%        4
 Arcjolt                  Conj/Air       0%         1d10      100%        5
 Plasma Beam              Fire/Air       0%         2x1d10    100%        6
 Enfeeble                 Hex            0%         N/A       100%        7


Dungeon Overview and Level Annotations

Branches:
Dungeon (15/15)            Temple (0/1) D:4            Lair (5/5) D:9
  Swamp (0/4) Lair:3        Snake (4/4) Lair:3        Slime (0/5) Lair:4
    Orc (2/2) D:11            Elf (0/3) Orc:2        Vaults (0/5) D:14
 Depths (0/4) D:15         Bailey (visited)           IceCv (visited)
Gauntlet (visited)

Altars:
Ashenzari
Dithmenos
Makhleb
Nemelex Xobeh
Okawaru
Sif Muna
Trog
Uskayaw
Yredelemnul
Zin
The Shining One
Beogh
Jiyva

Shops:
D:1 *   D:2 ?   Orc:2 *(*(

Annotations:
D:3 1 runed translucent door, Crazy Yiuf
D:8 exclusion: downstairs
D:14 3 runed translucent doors, Sobieck's ghost, journeyman DECj
Lair:4 2 transporters, Kyusiynim's ghost, journeyman GnEn


Message History

You are more poisoned.
You resist.
Unknown command.
You closely miss the nagaraja.
You feel extremely sick.
The nagaraja hits you but does no damage.
The nagaraja grabs you. The nagaraja constricts you.
You hit the nagaraja.
The nagaraja is lightly wounded.
You feel extremely sick. You block the nagaraja's attack.
The nagaraja constricts you.
You hit the nagaraja.
The nagaraja is lightly wounded.
You feel very sick.
The nagaraja hits you with a +0 flail of protection!
The nagaraja constricts you.
The nagaraja points at you and mumbles some strange words.
The bolt of poison hits you!
You are more poisoned.
You resist. The nagaraja constricts you.
Unknown command.
You barely miss the nagaraja.
The nagaraja is lightly wounded.
You feel extremely sick. The nagaraja spits poison at you.
The splash of poison hits you.
You are lethally poisoned!
You resist. The nagaraja constricts you.
Unknown command.
You slice the nagaraja!!
The nagaraja is heavily wounded.
* * * LOW HITPOINT WARNING * * *
You feel extremely sick. The nagaraja casts a spell at you.
The poison arrow hits you!!
You are more poisoned.
You partially resist.
* * * LOW HITPOINT WARNING * * *
The nagaraja constricts you.
The naga warrior hits you from afar with a +0 glaive.
* * * LOW HITPOINT WARNING * * *
You hit the nagaraja but do no damage.
The nagaraja is heavily wounded.
* * * LOW HITPOINT WARNING * * *
You feel extremely sick.
The nagaraja is no longer moving quickly.
The nagaraja spits poison at you.
The splash of poison hits you but does no damage.
You resist. The nagaraja constricts you!
You die...

#....).# #......#
######......##
#####.............
####.................
###..............#.....
##....[.................
#..........#####.....[##
##......@#### #......#
#...#..N## #......#
#......N## #...#..#
##.......#### #......#
#..........#####......#
##..............)......
###.......N..#.........
####.......#...#....
#####...N........^


You could see a nagaraja (catching breath) and a naga warrior.

Vanquished Creatures
  Bai Suzhen (Snake:4)
  An azure jelly (IceCv)
  2 nagarajas
  2 orc warlords (Orc:2)
  A stone giant (D:15)
  2 quicksilver oozes (IceCv)
  A minotaur (Gauntlet)
  Azrael (Snake:3)
  An ettin (D:12)
  6 hydras
  Harold (D:11)
  A deep elf high priest (D:14)
  3 salamander tyrants (Snake:4)
  Fannar (D:11)
  7 centaur warriors
  7 anacondas
  A catoblepas (Lair:5)
  2 boulder beetles
  2 two-headed ogres (D:10)
  A deep troll shaman (Lair:5)
  9 death yaks
  16 naga sharpshooters
  10 naga warriors
  10 shock serpents
  Urug (Orc:2)
  2 orc high priests
  6 salamander mystics
  4 skeletal warriors (D:15)
  10 naga ritualists
  12 mana vipers
  A lindwurm (Lair:1)
  10 orc knights
  2 large abominations (Gauntlet)
  5 ugly things
  2 orc sorcerers (Orc:2)
  An oklob plant (Gauntlet)
  7 guardian serpents
  8 cyclopes
  10 salamanders
  2 kobold blastminers (Orc:2)
  45 black mambas
  3 meliai (D:15)
  17 naga magi
  4 ice statues
  15 elephants
  3 gargoyles
  An unseen horror (D:12)
  13 cane toads
  6 komodo dragons
  3 rime drakes
  5 trolls
  A hornet (D:10)
  7 saltlings (Orc:2)
  A tarantella (D:15)
  4 polar bears
  5 dream sheep
  9 blink frogs (Lair:2)
  Sigmund (D:3)
  A shadow (D:12)
  2 wraiths
  20 slime creatures
  45 yaks
  6 wyverns
  A yak (shapeshifter) (D:14)
  4 basilisks
  4 wargs
  4 fire elementals (Snake:3)
  Eustachio (D:4)
  Grum (D:8)
  10 vampire mosquitoes
  4 redbacks (D:15)
  6 small abominations (Gauntlet)
  3 steam dragons
  4 acid dragons
  51 nagas
  A naga (shapeshifter) (D:14)
  21 water moccasins
  6 great orb of eyes simulacra (IceCv)
  3 hell hounds (Snake:3)
  5 black bears
  4 sky beasts (D:7)
  24 orc warriors
  5 ogres
  12 wolves
  20 centaurs
  2 slime creature simulacra (IceCv)
  2 phantoms (D:5)
  A kobold brigand (D:10)
  16 bullfrogs
  3 scorpions
  2 gnoll sergeants
  2 glowing shapeshifter simulacra (IceCv)
  19 wights
  14 killer bees
  3 howler monkeys
  An electric eel (Lair:3)
  13 jellies
  12 orc priests
  3 hounds
  4 iguanas
  2 gnoll boudas
  Terence (D:2)
  Ijyb (D:4)
  Natasha (twice) (D:2 D:1)
  16 orc wizards
  A shapeshifter simulacrum (IceCv)
  Robin (D:1)
  24 gnolls
  9 adders
  A white imp (D:6)
  3 dart slugs
  79 orcs
  12 ball pythons
  9 bats
  19 endoplasms
  4 giant cockroaches
  18 goblins
  12 hobgoblins
  3 jackals (D:3)
  4 quokkas
  5 frilled lizards
  8 kobolds
  7 rats
921 creatures vanquished.

Vanquished Creatures (collateral kills)
  Rupert (Lair:5)
  A hydra (D:15)
  2 tengu warriors (D:15)
  A naga ritualist (Snake:1)
5 creatures vanquished.

Vanquished Creatures (others)
  A black mamba (Snake:1)
1 creature vanquished.

Grand Total: 927 creatures vanquished

Notes
Turn   | Place    | Note
-------+----------+-------------------------------------------
     0 | D:1      | Sobieck the Hill Orc Monk began the quest for the Orb.
     0 | D:1      | Reached XP level 1. HP: 19/19 MP: 1/1
    45 | D:1      | Reached XP level 2. HP: 12/27 MP: 2/2
   334 | D:1      | Found Catid's Assorted Antiques.
   707 | D:1      | Reached XP level 3. HP: 22/33 MP: 3/3
   762 | D:1      | Found a faded altar of an unknown god.
   795 | D:1      | Prayed at the altar of an unknown god.
   795 | D:1      | Became a worshipper of Uskayaw the Reveller
   795 | D:1      | Reached * piety under Uskayaw
   795 | D:1      | Reached ** piety under Uskayaw
  1093 | D:2      | Found Hocoz's Magic Scroll Emporium.
  1110 | D:2      | Bought a scroll of identify for 24 gold pieces
  1110 | D:2      | Bought a scroll of noise for 12 gold pieces
  1262 | D:2      | Identified the +2 cloak of Dithmenos's Grace {Will+ Int+4}
  1314 | D:2      | Noticed Natasha
  1317 | D:2      | Killed Natasha
  1318 | D:2      | Reached XP level 4. HP: 39/41 MP: 4/4
  1376 | D:2      | Noticed Robin
  1519 | D:1      | Reached skill level 6 in Axes
  1522 | D:1      | Reached skill level 1 in Shields
  1617 | D:1      | Reached *** piety under Uskayaw
  1619 | D:1      | Killed Robin
  1635 | D:2      | Reached XP level 5. HP: 47/47 MP: 5/5
  1746 | D:2      | Noticed Natasha
  1907 | D:1      | Killed Natasha
  2237 | D:2      | Noticed Terence
  2259 | D:2      | Killed Terence
  2614 | D:3      | Found an iron altar of Okawaru.
  2640 | D:3      | Reached XP level 6. HP: 56/56 MP: 6/6
  2712 | D:3      | Found a runed translucent door.
  2713 | D:3      | Noticed Crazy Yiuf
  2818 | D:3      | Found a shadowy altar of Dithmenos.
  3033 | D:3      | Found a burning altar of Makhleb.
  3125 | D:3      | Noticed Sigmund
  3165 | D:3      | Killed Sigmund
  3166 | D:3      | Reached XP level 7. HP: 42/61 MP: 7/7
  3689 | D:4      | Reached **** piety under Uskayaw
  3751 | D:4      | Noticed Eustachio
  3768 | D:4      | Reached ***** piety under Uskayaw
  3770 | D:4      | Killed Eustachio
  3771 | D:4      | Reached skill level 1 in Armour
  3771 | D:4      | Reached skill level 1 in Invocations
  3875 | D:4      | Noticed Ijyb
  4182 | D:4      | Reached skill level 2 in Invocations
  4413 | D:4      | Found a staircase to the Ecumenical Temple.
  4447 | D:4      | Killed Ijyb
  4448 | D:4      | Reached XP level 8. HP: 69/69 MP: 9/9
  4514 | D:5      | Entered Level 5 of the Dungeon
  4711 | D:5      | Reached skill level 3 in Invocations
  4750 | D:5      | Reached skill level 6 in Fighting
  5036 | D:5      | Reached skill level 9 in Axes
  5036 | D:5      | Reached skill level 3 in Armour
  5083 | D:5      | Identified a scroll of acquirement
  5083 | D:5      | Acquired a +2 broad axe of draining
  5226 | D:6      | Reached skill level 4 in Invocations
  5928 | D:6      | Reached XP level 9. HP: 34/78 MP: 12/12
  6698 | D:7      | Reached skill level 1 in Throwing
  6854 | D:7      | Reached skill level 5 in Invocations
  6993 | D:7      | Reached skill level 12 in Axes
  7532 | D:8      | Noticed Grum
  7548 | D:8      | Killed Grum
  7660 | D:8      | Reached XP level 10. HP: 75/86 MP: 14/14
  7762 | D:8      | Reached skill level 6 in Invocations
  7888 | D:8      | Reached skill level 3 in Throwing
  8420 | D:9      | Noticed an elephant
  8420 | D:9      | Found a viscous altar of Jiyva.
  8687 | D:9      | Reached skill level 7 in Invocations
  8851 | D:9      | Killed an elephant
  8880 | D:9      | Reached skill level 6 in Armour
  8990 | D:9      | Reached XP level 11. HP: 80/94 MP: 16/16
  9223 | D:9      | Reached skill level 9 in Fighting
  9260 | D:9      | Found a staircase to the Lair.
  9397 | D:9      | Noticed a centaur warrior
  9398 | D:9      | Found a shimmering blue altar of Sif Muna.
  9405 | D:9      | Killed a centaur warrior
  9406 | D:9      | Reached skill level 8 in Invocations
  9541 | D:10     | Entered Level 10 of the Dungeon
  9558 | D:10     | Found a flagged portal.
  9581 | Bailey   | Entered a bailey
  9787 | Bailey   | Noticed an orc knight
 10225 | D:10     | Noticed a two-headed ogre
 10231 | D:10     | Killed a two-headed ogre
 10407 | D:10     | Reached skill level 15 in Axes
 10594 | D:10     | Noticed a two-headed ogre
 10599 | D:10     | Paralysed by a hornet for 1 turns
 10609 | D:10     | Killed a two-headed ogre
 10875 | D:10     | Found a glowing silver altar of Zin.
 10877 | D:10     | Found a broken altar of Ashenzari.
 10882 | D:10     | Found a glowing golden altar of the Shining One.
 10885 | D:10     | Found a bloodstained altar of Trog.
 10887 | D:10     | Found a basalt altar of Yredelemnul.
 10892 | D:10     | Found a sparkling altar of Nemelex Xobeh.
 11100 | D:11     | Noticed Harold
 11119 | D:11     | Killed Harold
 11329 | D:11     | Found a staircase to the Orcish Mines.
 11713 | D:11     | Reached skill level 9 in Invocations
 11716 | D:11     | Reached XP level 12. HP: 102/106 MP: 18/18
 11841 | D:11     | Identified the ring of Lismol {rElec rF+ Slay+3}
 11952 | D:11     | Noticed Fannar
 11971 | D:11     | Killed Fannar
 12650 | D:12     | Found a frozen archway.
 12660 | D:12     | Reached skill level 6 in Throwing
 12668 | D:12     | Reached ****** piety under Uskayaw
 12704 | IceCv    | Entered an ice cave
 13299 | IceCv    | Reached skill level 10 in Invocations
 13299 | IceCv    | Reached skill level 1 in Evocations
 13368 | IceCv    | Noticed a quicksilver ooze
 13384 | IceCv    | Killed a quicksilver ooze
 13638 | IceCv    | Found a viscous altar of Jiyva.
 13638 | IceCv    | Noticed an azure jelly
 13655 | IceCv    | Killed an azure jelly
 13656 | IceCv    | Reached XP level 13. HP: 71/116 MP: 20/20
 13778 | IceCv    | Noticed a quicksilver ooze
 13790 | IceCv    | Killed a quicksilver ooze
 13791 | IceCv    | Reached skill level 9 in Armour
 13791 | IceCv    | Reached skill level 3 in Evocations
 13869 | IceCv    | Identified the ring of the Lizard {Will+ Int+6 Dex+7}
 13874 | IceCv    | Identified the ring "Zasoll" {rN+ Will+ Str+6 Int-4 Dex+3}
 14516 | D:12     | Reached skill level 11 in Invocations
 15083 | D:13     | Reached skill level 18 in Axes
 15367 | D:12     | Noticed an ettin
 15372 | D:12     | Killed an ettin
 16110 | D:14     | Reached skill level 12 in Fighting
 16565 | D:14     | Found a runed translucent gate.
 16565 | D:14     | Found a runed translucent gate.
 16565 | D:14     | Found a runed translucent gate.
 16585 | D:14     | Noticed Sobieck's ghost (journeyman DECj)
 16794 | D:14     | Found a gate to the Vaults.
 16794 | D:14     | Noticed a deep elf high priest
 16820 | D:14     | Killed a deep elf high priest
 16821 | D:14     | Reached skill level 12 in Invocations
 17354 | D:15     | Entered Level 15 of the Dungeon
 17674 | D:15     | Reached skill level 6 in Evocations
 17843 | D:15     | Found a gate leading to a gauntlet.
 17849 | Gauntlet | Entered a Gauntlet
 17849 | Gauntlet | Found a transporter.
 17849 | Gauntlet | Found a transporter.
 17851 | Gauntlet | Found a transporter.
 17851 | Gauntlet | Found a transporter.
 17855 | Gauntlet | Found a transporter.
 17855 | Gauntlet | Found a transporter.
 17888 | Gauntlet | Found a transporter.
 17889 | Gauntlet | Found a transporter.
 17899 | Gauntlet | Found a transporter.
 17902 | Gauntlet | Noticed a green death
 17914 | Gauntlet | Found a runed translucent door.
 17915 | Gauntlet | Found a transporter.
 17916 | Gauntlet | Found a runed translucent door.
 17930 | Gauntlet | Found a transporter.
 17934 | Gauntlet | Found a transporter.
 18151 | Gauntlet | Reached skill level 13 in Invocations
 18151 | Gauntlet | Reached XP level 14. HP: 69/129 MP: 23/23
 18152 | Gauntlet | Identified the +0 pair of boots "Vinil" {SInv}
 18349 | Gauntlet | Identified the ring of Oklor {rC+ rCorr}
 18731 | Gauntlet | Identified the +1 leather armour of Xated {rC+ Dex+3}
 19969 | D:15     | Reached skill level 14 in Invocations
 19986 | D:15     | Noticed a stone giant
 19987 | D:15     | Found a staircase to the Depths.
 19996 | D:15     | Killed a stone giant
 20359 | Lair:1   | Entered Level 1 of the Lair of Beasts
 21536 | Lair:2   | Reached skill level 15 in Invocations
 21735 | Lair:2   | You fall into a shaft and drop 1 floor!
 21757 | Lair:3   | Found a staircase to the Snake Pit.
 22055 | Lair:2   | Reached skill level 9 in Evocations
 22812 | Lair:3   | Reached XP level 15. HP: 122/138 MP: 26/26
 22874 | Lair:3   | Found a staircase to the Swamp.
 22899 | Lair:3   | Reached skill level 16 in Invocations
 23636 | Lair:4   | Found a transporter.
 23640 | Lair:4   | Found a transporter.
 23719 | Lair:4   | Noticed Kyusiynim's ghost (journeyman GnEn)
 23805 | Lair:4   | Found a staircase to the Slime Pits.
 24256 | Lair:4   | Reached skill level 17 in Invocations
 24460 | Lair:5   | Entered Level 5 of the Lair of Beasts
 24697 | Lair:5   | Reached skill level 12 in Evocations
 24751 | Lair:5   | Identified the +5 shortbow "Winwoff" {freeze, rPois rC++
                  | rCorr Str-5}
 24844 | Lair:5   | Noticed Rupert
 24852 | Lair:5   | Killed Rupert
 25254 | Lair:5   | Reached skill level 1 in Stealth
 25734 | Orc:1    | Entered Level 1 of the Orcish Mines
 26017 | Orc:2    | Entered Level 2 of the Orcish Mines
 26451 | Orc:2    | Reached skill level 3 in Dodging
 26479 | Orc:2    | Noticed an orc warlord
 26491 | Orc:2    | Killed an orc warlord
 26496 | Orc:2    | Noticed Urug
 26532 | Orc:2    | Killed Urug
 26707 | Orc:2    | Found a staircase to the Elven Halls.
 27296 | Orc:2    | Reached XP level 16. HP: 121/147 MP: 21/28
 27621 | Orc:2    | Found Tudomy's General Store.
 27626 | Orc:2    | Found a roughly hewn altar of Beogh.
 27634 | Orc:2    | Reached skill level 6 in Shields
 27637 | Orc:2    | Found Neuhivvu's Weapon Boutique.
 27715 | Orc:2    | Found Diwuez's Weapon Shoppe.
 27754 | Orc:2    | Found Nung's Assorted Antiques.
 27764 | Orc:2    | Reached skill level 3 in Stealth
 27769 | Orc:2    | Bought a scroll of noise for 28 gold pieces
 27769 | Orc:2    | Bought a scroll of teleportation for 84 gold pieces
 27769 | Orc:2    | Bought 2 potions of might for 224 gold pieces
 27769 | Orc:2    | Bought a potion of mutation for 224 gold pieces
 27769 | Orc:2    | Bought a potion of might for 112 gold pieces
 28150 | D:1      | Bought a potion of heal wounds for 135 gold pieces
 28150 | D:1      | Bought 2 potions of curing for 162 gold pieces
 28150 | D:1      | Bought a scroll of teleportation for 81 gold pieces
 28416 | Snake:1  | Entered Level 1 of the Snake Pit
 28416 | Snake:1  | Noticed a nagaraja
 28739 | Snake:1  | Killed a nagaraja
 30896 | Snake:2  | Reached skill level 15 in Fighting
 31462 | Snake:3  | Reached skill level 18 in Invocations
 32195 | Snake:3  | Reached XP level 17. HP: 85/156 MP: 30/30
 32533 | Snake:3  | Noticed Azrael
 33538 | Snake:3  | Killed Azrael
 34168 | Snake:4  | Entered Level 4 of the Snake Pit
 34182 | Snake:4  | Reached skill level 6 in Stealth
 34682 | Snake:4  | Reached skill level 19 in Invocations
 34771 | Snake:4  | Noticed Bai Suzhen
 34794 | Snake:4  | Killed Bai Suzhen
 35010 | Snake:4  | Reached skill level 12 in Armour
 36343 | Snake:4  | Reached skill level 20 in Invocations
 37189 | Snake:4  | Found a basalt altar of Yredelemnul.
 37637 | Snake:4  | Reached XP level 18. HP: 161/169 MP: 32/32
 37936 | Snake:4  | HP: 3/169 [poisoned by a nagaraja (poison arrow)]
 37936 | Snake:4  | Constricted to death by a nagaraja

Illustrated notes

Levels and vault maps discovered:
D:1:      denvon_arrival_planthouse, layout_loops_ring,
          shapermc_ecumenical_altar_mp_vishouse, serial_shops,
          nicolae_shop_dealshenge, minmay_strange_pillars
D:2:      layout_basic, serial_shops, nicolae_shop_hallway_stairs,
          due_unseen_surprise, uniq_robin, uniq_natasha, uniq_terence
D:3:      layout_loops_ring, grunt_dithmenos_smoke, okawaru_ov_weapons_minmay,
          nicolae_overflow_crystal_walls, serial_co_window_serial,
          co_window_paths_a, co_window_corner_a, co_window_cross_1,
          co_window_paths_a, co_window_paths_b, co_window_paths_b,
          co_window_paths_c, co_window_corner_cb, co_window_paths_c,
          co_window_of_opportunity_b, glass_columns_a, glass_columns_b,
          glass_columns_b, uniq_crazy_yiuf_cottage, uniq_sigmund
D:4:      layout_gridville, minmay_temple_entry_poolview, dk_vineyard_3,
          minmay_cupped, uniq_eustachio, uniq_ijyb
D:5:      layout_cave_pools
D:6:      layout_loops_corners
D:7:      layout_basic, hangedman_misty_isle
D:8:      layout_rooms, uniq_grum
D:9:      layout_rooms, nicolae_sif_muna_little_library,
          grunt_lair_entry_orc_guard_hut, minmay_tree_intersection,
          jiyva_altar_1
D:10:     layout_roguey, nicolae_overflow_hallway_of_the_gods,
          lightli_bailey_entry_fortress
D:11:     layout_stronghold, david_orc_3, uniq_fannar, uniq_harold
D:12:     kennysheep_funnel, layout_basic, portal_ice_cave_rime
D:13:     layout_cave_pods
D:14:     layout_roguey, hellmonk_vaults_attempted_burglary,
          gammafunk_ghost_necromancy, minmay_misc_feat_ornament,
          lemuel_old_faithful
D:15:     grunt_enter_depths_snipers, layout_cave_pods, gauntlet_entry_generic
Lair:1:   layout_cave_pods
Lair:2:   layout_regular_city
Lair:3:   lemuel_slime, layout_cellular_growth, minmay_swamp_entry_reptiles,
          minmay_snake_entry_six_corridors, minivault_23,
          infiniplex_staircase_pool
Lair:4:   layout_concentric_octagons, dpeg_slime_entry_enclosed,
          gammafunk_ghost_berserking_beasts
Lair:5:   grunt_lair_end_beastmaster, layout_cave_shapes,
          grunt_forest_large_clearings, grunt_megastairs_3,
          infiniplex_staircase_pool_2, uniq_rupert
Snake:1:  layout_honeycomb, grunt_ministairs_7, serial_bayou_crossing
Snake:2:  layout_misc_corridors, grunt_megastairs_1
Snake:3:  layout_chambers, evilmike_ambush [evilmike_ambush_outer_basic,
          evilmike_ambush_inner_pond], uniq_azrael
Snake:4:  minmay_snake_end_coiled, layout_cave_town, basic_altar,
          uniq_bai_suzhen
Orc:1:    layout_caves
Orc:2:    hellmonk_orc_salted, layout_caves, nicolae_orc_stony_grotto,
          regret_index_minedec_shroomtown_chain, uniq_urug

Skill      XL: |  1  2  3  4  5  6  7  8  9 10 11 12 13 14 15 16 17 |
---------------+----------------------------------------------------+-----
Fighting       | 4 5 6 7 8 10 11 13 14 15 17 | 17.0
Axes           | 5 6 7 8 10 12 14 15 17 18 | 18.0
Shields        | 1 2 4 5 8 |  8.3
Armour         | 1 3 4 6 7 8 9 10 12 | 12.0
Invocations    | 2 4 5 7 9 10 13 15 17 18 20 | 20.7
Throwing       | 2 4 5 6 |  6.0
Evocations     | 2 6 9 12 | 12.0
Stealth        | 2 5 6 |  6.0
Dodging        | 3 4 |  4.0

Action                     |  1- 3 |  4- 6 |  7- 9 | 10-12 | 13-15 | 16-18 || total
---------------------------+-------+-------+-------+-------+-------+-------++-------
  Melee: Hand axe          |    98 |   187 |    56 |       |       |       ||   341
         War axe           |       |       |    67 |       |       |       ||    67
         Unarmed           |       |       |     3 |       |       |       ||     3
         Broad axe         |       |       |   127 |   536 |   777 |   790 ||  2230
  Throw: Stone             |       |     7 |    24 |    34 |       |       ||    65
         Boomerang         |       |       |    22 |    22 |    95 |     7 ||   146
         Dart              |       |       |       |     2 |       |       ||     2
 Invoke: Line Pass         |       |       |       |     1 |       |       ||     1
         Grand Finale      |       |       |       |       |     3 |     1 ||     4
  Evoke: Wand              |       |       |     3 |       |     3 |       ||     6
         Box of beasts     |       |       |       |       |     2 |     1 ||     3
         Condenser vane    |       |       |       |       |     2 |       ||     2
         Lightning rod     |       |       |       |       |     2 |       ||     2
         Phantom mirror    |       |       |       |       |     1 |     1 ||     2
    Use: Scroll            |     2 |     4 |     9 |     6 |    14 |     1 ||    36
         Potion            |       |     3 |     2 |     8 |     3 |     4 ||    20
   Stab: Paralysed         |       |     4 |    16 |    85 |   110 |    89 ||   304
         Invisible         |       |       |       |       |     2 |     2 ||     4
         Distracted        |       |       |       |       |       |     1 ||     1
 Armour: Robe              |    44 |       |       |       |       |       ||    44
         Ring mail         |    18 |    61 |       |       |       |       ||    79
         Plate armour      |       |    80 |   253 |   419 |   608 |   583 ||  1943
         Skin              |       |       |     2 |       |       |       ||     2
  Dodge: Dodged            |    67 |    82 |    67 |   168 |   214 |   163 ||   761
  Block: Buckler           |       |       |    50 |   120 |   145 |    18 ||   333
         Kite shield       |       |       |       |       |       |   268 ||   268
         Tower shield      |       |       |       |       |       |    18 ||    18
